 Dungeon Crawl Stone Soup version 0.27-a0-103-g6cd7b45605 (webtiles) character file.

Game seed: 4860284002232560251

5427 knot the Cleaver (level 10, -13/70 HPs)
             Began as a Demonspawn Berserker on Jan 24, 2021.
             Was a Priest of Trog.
             Killed from afar by a raiju (14 damage)
             ... with a living lightning
             ... on level 2 of the Abyss.
             The game lasted 00:19:52 (11520 turns).

knot the Cleaver (Demonspawn Berserker)            Turns: 11520, Time: 00:19:53

Health: -13/70     AC: 10    Str: 17    XL:     10   Next: 40%
Magic:  19/19      EV: 12    Int: 12    God:    Trog [***...]
Gold:   568        SH:  5    Dex: 13    Spells: 9/9 levels left

rFire    . . .     SeeInvis +   B - +2 hand axe
rCold    + . .     Faith    .   (no shield)
rNeg     . . .     Spirit   .   D - +2 ring mail {rC+}
rPois    +         Reflect  +   (helmet unavailable)
rElec    .         Harm     .   i - +0 cloak {rPois}
rCorr    .         Rampage  .   E - +0 pair of gloves
Will     .....                  a - +0 pair of boots
Stlth    +.........             A - amulet of reflection
HPRegen  0.21/turn              c - ring of magical power
MPRegen  0.16/turn              s - ring of poison resistance

@: mighty, brilliant, attractive, flying, hasted, very quick
A: antennae 3, sturdy frame 3
a: Renounce Religion, Berserk, Trog's Hand


You were on level 2 of the Abyss.
You worshipped Trog.
Trog was most pleased with you.
You visited 1 branch of the dungeon, and saw 9 of its levels.
You visited the Abyss 1 time.

You collected 568 gold pieces.

Inventory:

Hand Weapons
 B - a +2 hand axe (weapon)
Missiles
 d - 361 stones
 e - 75 sling bullets
 k - 2 silver boomerangs (quivered)
 l - 5 silver javelins
 r - a poisoned dart
 x - 2 curare-tipped darts
 z - 8 boomerangs
Armour
 a - a +0 pair of boots (worn)
 i - a +0 cloak of poison resistance (worn)
 D - a +2 ring mail of cold resistance (worn)
 E - a +0 pair of gloves (worn)
Jewellery
 c - a ring of magical power (left hand)
 s - a ring of poison resistance (right hand)
 A - an amulet of reflection (around neck)
Wands
 t - a wand of polymorph (15)
 F - a wand of paralysis (9)
Scrolls
 h - 11 scrolls of identify {unknown}
 m - a scroll of enchant armour {unknown}
 n - a scroll of immolation {unknown}
 p - 7 scrolls of teleportation {unknown}
 u - a scroll of noise {unknown}
 y - 3 scrolls of enchant weapon {unknown}
Potions
 f - a potion of haste
 g - a potion of curing
 j - 2 potions of might
 o - a potion of ambrosia {unknown}
 v - a potion of heal wounds
 w - a potion of brilliance


   Skills:
 - Level 3.0 Fighting
 * Level 10.8 Axes
 * Level 9.6 Throwing
 - Level 1.7 Armour
 - Level 1.7 Dodging


You had 9 spell levels left.
You didn't know any spells.
Your spell library contained the following spells:

 Spells                   Type           Power        Failure   Level
 Corona                   Hex            0%           32%         1
 Foxfire                  Conj/Fire      0%           32%         1
 Ensorcelled Hibernation  Hex/Ice        0%           45%         2
 Confusing Touch          Hex            0%           69%         3
 Conjure Flame            Conj/Fire      0%           69%         3
 Dazzling Flash           Conj/Hex       0%           69%         3
 Inner Flame              Hex/Fire       0%           69%         3
 Tukima's Dance           Hex            0%           69%         3
 Sticky Flame             Conj/Fire      0%           97%         4
 Fireball                 Conj/Fire      0%           100%        5


Dungeon Overview and Level Annotations

Branches:
Dungeon (9/15)             Temple (0/1) D:6
   Lair: D:8-11         Orc: D:9-12

Altars:
Gozag
Makhleb
Nemelex Xobeh
Okawaru
Qazlal
Ru
Vehumet
Wu Jian
The Shining One

Shops:
D:4 }

Annotations:
D:9 Erolcha


Innate Abilities, Weirdness & Mutations

You have a pair of large antennae on your head. (SInv)
Your movements are significantly less encumbered by armour. (ER -6)


Message History

The raiju blinks! x4
You feel better.
The raiju bursts into living lightning!
The living lightning hits the raiju.
The raiju completely resists.
The living lightning hits you.
* * * LOW HITPOINT WARNING * * *
The living lightning hits you!
* * * LOW HITPOINT WARNING * * *
The living lightning hits the raiju.
The raiju completely resists.
The raiju blinks! x4
It was a potion of attraction.
You feel attractive to monsters.
The raiju bursts into living lightning!
The living lightning misses you. x2; The living lightning hits the raiju.
The raiju completely resists.
The living lightning hits the raiju.
The raiju completely resists.
The raiju blinks! x4
The raiju bursts into living lightning!
The living lightning hits the raiju.
The raiju completely resists.
The living lightning misses you. The living lightning hits you!
You die...

. ###
#@#
#h#{{.
.
#hh{{
. ###X
... #
. #X
## . .
.# . .
# # .


You could see 2 starcursed masses and 3 raiju.

Vanquished Creatures
  A flayed ghost (Abyss:2)
  2 polar bears (D:8)
  A hornet (D:7)
  A ynoxinul (Abyss:2)
  A wyvern (D:8)
  A vampire (D:9)
  2 yaks (D:8)
  2 water moccasins
  2 sky beasts
  2 black bears (D:8)
  A phantom (D:8)
  5 ice beasts
  2 centaurs
  5 ogres
  A big kobold (D:7)
  A bullfrog (D:8)
  8 wights
  3 howler monkeys
  An electric eel (D:8)
  A bullfrog zombie (D:3)
  4 orc priests
  8 hounds
  7 orc wizards
  A bullfrog skeleton (D:7)
  5 iguanas
  Natasha (thrice) (D:3)
  3 worker ants
  A killer bee zombie (D:6)
  2 hound zombies (D:6)
  2 hound skeletons
  A worker ant zombie (D:6)
  11 adders
  A howler monkey skeleton (D:9)
  9 white imps
  A worker ant simulacrum (D:8)
  2 adder zombies (D:6)
  An adder skeleton (D:8)
  2 worms (D:2)
  3 dart slugs (D:1)
  An adder simulacrum (D:8)
  4 leopard geckos
  19 orcs
  2 ball pythons (D:2)
  5 giant cockroaches
  8 goblins
  10 hobgoblins
  18 jackals
  4 quokkas
  A ball python skeleton (D:5)
  6 bats
  2 frilled lizards
  7 kobolds
  5 rats
202 creatures vanquished.

Vanquished Creatures (others)
  6 demonic plants (Abyss:2)
  A plant (D:4)
7 creatures vanquished.

Grand Total: 209 creatures vanquished

Notes
Turn   | Place    | Note
-------+----------+-------------------------------------------
     0 | D:1      | knot the Demonspawn Berserker began the quest for the Orb.
     0 | D:1      | Reached XP level 1. HP: 18/18 MP: 1/1
    41 | D:1      | Reached skill level 3 in Axes
    91 | D:1      | Gained mutation: Your movements are slightly less
                  | encumbered by armour. (ER -2) [demonic ancestry]
    91 | D:1      | Reached XP level 2. HP: 23/24 MP: 2/2
   843 | D:2      | Reached skill level 4 in Axes
   843 | D:2      | Reached XP level 3. HP: 29/29 MP: 3/3
  1230 | D:2      | Found a glowing golden altar of the Shining One.
  1424 | D:2      | Reached ** piety under Trog
  1724 | D:2      | Gained mutation: You have a pair of small antennae on your
                  | head. [demonic ancestry]
  1724 | D:2      | Reached XP level 4. HP: 26/35 MP: 4/4
  2266 | D:3      | Reached skill level 5 in Axes
  2447 | D:3      | Noticed Natasha
  2455 | D:3      | Killed Natasha
  2456 | D:3      | Reached skill level 1 in Throwing
  2456 | D:3      | Reached XP level 5. HP: 41/41 MP: 5/5
  2706 | D:3      | Noticed Natasha
  2711 | D:3      | Killed Natasha
  3171 | D:3      | Noticed Natasha
  3180 | D:3      | Killed Natasha
  3181 | D:3      | Gained mutation: You have a pair of antennae on your head.
                  | [demonic ancestry]
  3181 | D:3      | Reached XP level 6. HP: 47/47 MP: 6/6
  3341 | D:3      | Found a sacrificial altar of Ru.
  3760 | D:4      | Found a radiant altar of Vehumet.
  3792 | D:4      | Found a stormy altar of Qazlal.
  3806 | D:4      | Found Saafeale's Gadget Shop.
  3959 | D:4      | Reached skill level 6 in Axes
  3966 | D:4      | Reached *** piety under Trog
  4096 | D:5      | Entered Level 5 of the Dungeon
  4107 | D:5      | Found an opulent altar of Gozag.
  4272 | D:5      | Noticed a sky beast
  4280 | D:5      | Killed a sky beast
  4281 | D:5      | Reached XP level 7. HP: 52/52 MP: 7/7
  6093 | D:6      | Reached skill level 7 in Axes
  6229 | D:6      | Reached skill level 5 in Throwing
  6230 | D:6      | Gained mutation: Your movements are less encumbered by
                  | armour. (ER -4) [demonic ancestry]
  6230 | D:6      | Reached XP level 8. HP: 28/58 MP: 8/8
  6550 | D:6      | Found a burning altar of Makhleb.
  6933 | D:6      | Found an ornate altar of the Wu Jian Council.
  7314 | D:6      | Reached skill level 8 in Axes
  7452 | D:6      | Found a staircase to the Ecumenical Temple.
  7812 | D:7      | Found a sparkling altar of Nemelex Xobeh.
  8251 | D:7      | Gained mutation: Your movements are significantly less
                  | encumbered by armour. (ER -6) [demonic ancestry]
  8251 | D:7      | Reached XP level 9. HP: 48/63 MP: 9/9
  8595 | D:7      | Paralysed by a hornet for 3 turns
  9385 | D:8      | Reached skill level 9 in Axes
  9768 | D:8      | Noticed a polar bear
 10010 | D:8      | Reached **** piety under Trog
 10017 | D:8      | Killed a polar bear
 10018 | D:8      | Reached skill level 10 in Axes
 10356 | D:8      | Gained mutation: You have a pair of large antennae on your
                  | head. (SInv) [demonic ancestry]
 10356 | D:8      | Reached XP level 10. HP: 70/70 MP: 10/10
 11041 | D:9      | Found an iron altar of Okawaru.
 11370 | D:9      | Noticed Erolcha
 11375 | D:9      | Cast into level 2 of the Abyss (Erolcha)
 11448 | Abyss:2  | Noticed a flayed ghost
 11462 | Abyss:2  | Killed a flayed ghost
 11502 | Abyss:2  | Noticed a starcursed mass
 11519 | Abyss:2  | HP: 1/70 [raiju/living lightning (12)]
 11520 | Abyss:2  | Killed from afar by a raiju

Illustrated notes

Levels and vault maps discovered:
D:1:      zelgadis_glass_arrival_small, layout_basic
D:2:      layout_loops_corners, lemuel_crystal_altar, columned_hall_lemuel
D:3:      layout_loops_ring, general_overflow_altar,
          chequers_serial_rivers_small_b, uniq_natasha
D:4:      layout_rooms, nicolae_overflow_hidden_temple, kennysheep_mini,
          serial_shops, nicolae_shop_trees, serial_forest,
          infiniplex_forest_clump_double, infiniplex_forest_clump_C,
          infiniplex_forest_clump_small, infiniplex_forest_clump_medium,
          infiniplex_forest_fountain
D:5:      layout_loops_corners, grunt_gozag_breadcrumbs, minmay_misc_feat_five,
          minmay_misc_feat_roman
D:6:      layout_rooms, kennysheep_mini_moat, minmay_temple_entry_purple_smoke,
          basic_altar, minmay_crystal_room
D:7:      layout_loops_corners, old_standard_altar
D:8:      layout_rooms, serial_ice, serial_ice_i, serial_ice_g, serial_ice_n,
          serial_ice_c, minmay_misc_feat_alley
D:9:      layout_roguey, overflow_temple_1_default, erik_lair_dragon,
          uniq_erolcha
Abyss:2:  base: D:8, evilmike_abyss_exit_plants

Skill      XL: |  1  2  3  4  5  6  7  8  9 10 |
---------------+-------------------------------+-----
Axes           | 3 4 5 6 7 8 10 | 10.8
Throwing       | 1 2 3 5 6 8 9 |  9.6
Fighting       | |  3.0
Armour         | |  1.7
Dodging        | |  1.7

Action                   |  1- 3 |  4- 6 |  7- 9 | 10-12 || total
-------------------------+-------+-------+-------+-------++-------
Melee: Hand axe          |   136 |   165 |   374 |    96 ||   771
       Unarmed           |       |     2 |       |       ||     2
Throw: Boomerang         |       |     4 |    72 |    44 ||   120
       Dart              |       |    11 |    19 |       ||    30
       Stone             |       |     2 |     3 |       ||     5
Invok: Berserk           |     1 |     5 |    15 |     4 ||    25
       Trog's Hand       |       |     1 |     4 |     2 ||     7
       Brothers in Arms  |       |       |       |     1 ||     1
  Use: Scroll            |       |     2 |     2 |     1 ||     5
       Potion            |       |       |       |     9 ||     9
 Stab: Sleeping          |       |       |     1 |       ||     1
Armor: Animal skin       |    17 |       |       |       ||    17
       Scale mail        |    31 |    56 |    78 |       ||   165
       Ring mail         |       |       |    32 |    28 ||    60
Dodge: Dodged            |    91 |    85 |   157 |    62 ||   395
Block: Other             |       |     3 |    62 |    30 ||    95
       Reflection        |       |       |     1 |     2 ||     3

Table legend: (Time is in decaauts)
 A = Elapsed time spent in this place.
 B = Non-inter-level travel time spent in this place.
 C = Inter-level travel time spent in this place.
 D = Time resting spent in this place.
 E = Time spent auto-exploring this place.
 F = Levels seen in this place.
 G = Mean time per level.
                   A        B        C        D        E       F      G
               +--------+--------+--------+--------+--------+-----+--------+
         Total |  11705 |  11311 |    394 |   3500 |   6178 |  10 | 1170.5 |
       Dungeon |  11546 |  11152 |    394 |   3424 |   6164 |   9 | 1282.9 |
         Abyss |    158 |    158 |      0 |     75 |     14 |   1 |  158.0 |
               +--------+--------+--------+--------+--------+-----+--------+

Top non-repeatable levels by time:
     D:5: 2949 daAuts
     D:7: 1952 daAuts
     D:3: 1363 daAuts
     D:8: 1275 daAuts
     D:2: 1201 daAuts
     D:1: 975 daAuts
     D:6: 663 daAuts
     D:4: 652 daAuts
     D:9: 513 daAuts
 Abyss:2: 158 daAuts
